[Event "Tuesday Night Engine Tour 7 Rd Swiss 12m+1s Starts at 2200hrs"]
[Site "Infinity Chess"]
[Date "2018.4.3"]
[Round "5"]
[White "ivrdurant"]
[Black "Victorious"]
[Result "1/2-1/2"]
[ECO "C55"]
[WhiteElo "2473"]
[BlackElo "2455"]
[WhiteEngine "Raubfisch ME262_GTZ16d4"]
[BlackEngine "CF180327N73vk"]
[EventType "Swiss"]
[WhiteTeam ""]
[BlackTeam ""]
[PlyCount "99"]
[TimeControl "720+1"]

1. e4 e5 2. Nf3 Nc6 3. Bc4 Nf6 4. d3 Bc5 5. O-O d6 6. c3 O-O 7. h3 a5 8. Bg5 h6 
9. Bh4 g5 10. Bg3 Nh5 11. d4 Nxg3 12. fxg3 Ba7 13. Kh2 g4 14. Nh4 exd4 
15. Nf5 Kh7 16. h4 Ne5 17. Be2 dxc3 18. Nxc3 Bxf5 19. exf5 f6 20. Bxg4 Nxg4+ 
21. Qxg4 Rg8 22. Qf3 Bd4 23. Ne2 Be5 24. Nf4 Qd7 25. Ng6 c6 26. Rae1 Rae8 
27. b3 d5 28. Nxe5 fxe5 29. g4 e4 30. Qh3 Rgf8 31. g5 d4 32. Qg3 Rxf5 
33. Qg4 Ree5 34. Rxe4 Qd6 35. Rff4 Rxf4 36. Rxf4 c5 37. gxh6 Kxh6 38. Qc8 Kg6 
39. Rg4+ Rg5+ 40. Kg1 Rxg4 41. Qxg4+ Kh7 42. Qh5+ Kg7 43. Qg4+ Kf6 44. h5 Kf7 
45. Kf1 b5 46. Ke2 c4 47. bxc4 bxc4 48. Qf5+ Kg7 49. Kd2 Qf6 50. Qxf6+ 1/2-1/2

[Event "Tuesday Night Engine Tour 7 Rd Swiss 12m+1s Starts at 2200hrs"]
[Site "Infinity Chess"]
[Date "2018.4.3"]
[Round "5"]
[White "MrScience"]
[Black "CoffeeOne"]
[Result "1/2-1/2"]
[ECO "E10"]
[WhiteElo "2443"]
[BlackElo "2478"]
[WhiteEngine "cfish"]
[BlackEngine "Houdini 6"]
[EventType "Swiss"]
[WhiteTeam ""]
[BlackTeam ""]
[PlyCount "118"]
[TimeControl "720+1"]

1. d4 Nf6 2. c4 e6 3. Nf3 d5 4. g3 Bb4+ 5. Bd2 Be7 6. Bg2 O-O 7. Qc2 a5 
8. O-O h6 9. Bf4 Nbd7 10. cxd5 Nxd5 11. Nc3 Nxf4 12. gxf4 c5 13. Rad1 Qc7 
14. e3 cxd4 15. Rxd4 e5 16. fxe5 Nxe5 17. Nxe5 Qxe5 18. Nd5 Bd8 19. f4 Qe8 
20. Kh1 f5 21. e4 fxe4 22. Bxe4 Kh8 23. f5 Be6 24. Nf4 Bf7 25. b3 Bf6 
26. Rdd1 Rc8 27. Qg2 b6 28. Ne6 Rg8 29. Rd6 Qb5 30. Rd5 Qb4 31. Rdd1 Rc3 
32. Nf4 Rgc8 33. Ng6+ Kh7 34. Nf4 a4 35. Rfe1 axb3 36. Nd5 Bxd5 37. Bxd5 Rf8 
38. axb3 Rd3 39. Qe2 Rxd1 40. Rxd1 Qf4 41. Rf1 Qd6 42. Qe6 Qc5 43. Re1 Qf2 
44. Qe4 Rd8 45. Bf7 h5 46. Bxh5 Rd2 47. Bg6+ Kh6 48. Qe3+ Qxe3 49. Rxe3 Rb2 
50. h3 Kg5 51. Re4 Rxb3 52. h4+ Kh6 53. Kg2 b5 54. Be8 b4 55. Bg6 Rb1 
56. Kg3 Rg1+ 57. Kf2 Rh1 58. Rxb4 Rxh4 59. Rxh4+ Bxh4+ 1/2-1/2

[Event "Tuesday Night Engine Tour 7 Rd Swiss 12m+1s Starts at 2200hrs"]
[Site "Infinity Chess"]
[Date "2018.4.3"]
[Round "5"]
[White "MCDermont"]
[Black "MGR"]
[Result "1/2-1/2"]
[ECO "E73"]
[WhiteElo "2507"]
[BlackElo "2461"]
[WhiteEngine "BrainFish 010418 WM_CTG"]
[BlackEngine "asmFishW_2018-04-02_bmi2"]
[EventType "Swiss"]
[WhiteTeam ""]
[BlackTeam ""]
[PlyCount "155"]
[TimeControl "720+1"]

1. d4 Nf6 2. c4 g6 3. Nc3 Bg7 4. e4 d6 5. Be2 O-O 6. Nf3 e5 7. O-O Nc6 8. d5 Ne7 
9. Ne1 Ne8 10. f3 f5 11. Be3 f4 12. Bf2 g5 13. c5 Rf6 14. Nd3 Rg6 15. Rc1 h5 
16. Kh1 Kh7 17. b4 a5 18. bxa5 Rxa5 19. Qb3 Ng8 20. cxd6 Nxd6 21. g3 fxg3 
22. Bxg3 Qe7 23. Rg1 Ra8 24. a4 c6 25. Bf2 Nh6 26. Bc5 Nhf7 27. Nf2 Qe8 
28. Rg2 Bd7 29. Rcg1 h4 30. Bd3 Kh8 31. Ng4 Bf8 32. Rf1 Be7 33. Qb4 Bd8 
34. dxc6 Bxc6 35. Qb2 Kh7 36. Bc2 b6 37. Bxd6 Rxd6 38. Bb3 Ra7 39. Rgf2 Nh6 
40. Nb5 Bxb5 41. axb5 Bf6 42. Bd5 Nxg4 43. fxg4 Qd8 44. Qd2 Rc7 45. Rf5 Rc5 
46. Qd3 Bg7 47. Kg2 Bf6 48. h3 Bg7 49. Kh2 Kh6 50. R1f2 Rc7 51. Qe3 Rc5 
52. Qd3 Rc7 53. Qe3 Rc5 54. Bf7 Bf6 55. Qb3 Bg7 56. Qe3 Bf6 57. Qb3 Bg7 
58. Bd5 Rc7 59. Kg2 Rc1 60. Kh2 Rc7 61. Qb2 Rf6 62. R2f3 Rxf5 63. Rxf5 Rc5 
64. Kg2 Qd6 65. Qf2 Qd8 66. Ba2 Rxb5 67. Be6 Rc5 68. Bd5 Rc3 69. Rf7 Rc5 
70. Be6 Rc1 71. Rd7 Qc8 72. Rxg7 Qc2 73. Rf7 Qxe4+ 74. Qf3 Rc2+ 75. Kf1 Rc1+ 
76. Kg2 Rc2+ 77. Kf1 Rc1+ 78. Kg2 1/2-1/2

[Event "Tuesday Night Engine Tour 7 Rd Swiss 12m+1s Starts at 2200hrs"]
[Site "Infinity Chess"]
[Date "2018.4.3"]
[Round "4"]
[White "beka"]
[Black "THE_MACHINE"]
[Result "1/2-1/2"]
[ECO "C65"]
[WhiteElo "2358"]
[BlackElo "2488"]
[WhiteEngine "stockfish_18032408_32bit"]
[BlackEngine "BrainFish_180401_x64_bmi2"]
[EventType "Swiss"]
[WhiteTeam ""]
[BlackTeam ""]
[PlyCount "114"]
[TimeControl "720+1"]

1. e4 e5 2. Nf3 Nc6 3. Bb5 Nf6 4. O-O Nxe4 5. Re1 Nd6 6. Nxe5 Be7 7. Bf1 Nxe5 
8. Rxe5 O-O 9. Nc3 Ne8 10. Nd5 Bd6 11. Re2 c6 12. Ne3 f5 13. Nc4 Bc7 14. c3 f4 
15. Ne5 d5 16. d4 Nd6 17. f3 Nf5 18. Qe1 Qf6 19. a4 h5 20. b3 Bd6 21. Qf2 g5 
22. Re1 c5 23. Bd3 cxd4 24. cxd4 Be6 25. Bd2 Rac8 26. Kh1 Ng7 27. Rac1 Rxc1 
28. Bxc1 Bf5 29. Qd2 Rc8 30. Bxf5 Qxf5 31. Qa5 Bxe5 32. Qxd5+ Qe6 33. Qxe5 Qxe5 
34. dxe5 Ne6 35. Rd1 h4 36. Kg1 Rc3 37. b4 Rc4 38. Ba3 Kf7 39. Rd7+ Ke8 
40. Rd6 Kf7 41. a5 Rc3 42. Bb2 Rb3 43. Bd4 Nxd4 44. Rxd4 Ke6 45. Rc4 h3 
46. gxh3 Rxf3 47. Rc7 Kxe5 48. Rxb7 a6 49. b5 axb5 50. Rxb5+ Kf6 51. h4 gxh4 
52. Kg2 Ra3 53. Rh5 Kg6 54. Rxh4 Rxa5 55. Rxf4 Rg5+ 56. Kh3 Rg1 57. Rf2 Kh5 
1/2-1/2

[Event "Tuesday Night Engine Tour 7 Rd Swiss 12m+1s Starts at 2200hrs"]
[Site "Infinity Chess"]
[Date "2018.4.3"]
[Round "4"]
[White "ocirema"]
[Black "MrScience"]
[Result "0-1"]
[ECO "E00"]
[WhiteElo "2436"]
[BlackElo "2427"]
[WhiteEngine "stockfish_18040300_x64_modern_CTG"]
[BlackEngine "cfish"]
[EventType "Swiss"]
[WhiteTeam ""]
[BlackTeam ""]
[PlyCount "236"]
[TimeControl "720+1"]

1. d4 Nf6 2. c4 e6 3. g3 Bb4+ 4. Nd2 c5 5. a3 Bxd2+ 6. Qxd2 cxd4 7. Nf3 d5 
8. Bg2 dxc4 9. Qxd4 Qxd4 10. Nxd4 O-O 11. Bf4 Nd5 12. Rc1 Nd7 13. Bxd5 exd5 
14. Nb5 Nc5 15. Nc7 Be6 16. Nxa8 Rxa8 17. Rd1 Nb3 18. Be3 b5 19. O-O a5 
20. f4 f6 21. f5 Bf7 22. Rf2 b4 23. axb4 axb4 24. Bb6 Rb8 25. Bd4 Rc8 26. e3 Bh5 
27. Rb1 Be8 28. g4 h5 29. h3 Ba4 30. Rf4 h4 31. Rd1 Kf8 32. Bb6 Kf7 33. Kh2 Bc6 
34. Rf2 Ra8 35. Rg1 Bb5 36. Rd1 Bc6 37. Rg1 Ra2 38. Bd4 Ke7 39. Kg2 Be8 
40. Rd1 Kd6 41. Kf3 Nc5 42. Bxc5+ Kxc5 43. Rfd2 Bc6 44. Ke2 Kb5 45. Rb1 Ka4 
46. e4 dxe4 47. Ke3 Kb3 48. Rd4 Ra7 49. Rbd1 Ba4 50. R4d2 Re7 51. Rf2 c3 
52. bxc3 bxc3 53. Rb1+ Ka3 54. g5 fxg5 55. Ra1+ Kb4 56. Rb1+ Kc4 57. Ra2 Bb3 
58. Ra8 Rc7 59. Rb8 c2 60. R8xb3 cxb1=Q 61. Rxb1 Kd5 62. Rb5+ Kd6 63. Kxe4 Rc4+ 
64. Kf3 Rf4+ 65. Ke3 Ke7 66. Rc5 Kf6 67. Rc8 Rxf5 68. Rc1 Kg6 69. Ke2 Rb5 
70. Kf1 Rb3 71. Kg2 g4 72. Rc6+ Kh5 73. hxg4+ Kg5 74. Kh2 Rg3 75. Rc7 g6 
76. Rc6 Rxg4 77. Rc5+ Kh6 78. Rc1 Kh5 79. Ra1 Rg3 80. Ra8 g5 81. Ra1 Rf3 
82. Rc1 h3 83. Rc8 Kh4 84. Rh8+ Kg4 85. Rg8 Rf2+ 86. Kg1 Rg2+ 87. Kh1 Rd2 
88. Rb8 Kh4 89. Rb4+ g4 90. Kg1 Re2 91. Rb8 Rg2+ 92. Kh1 Re2 93. Kg1 g3 
94. Rh8+ Kg4 95. Rg8+ Kf4 96. Rf8+ Ke3 97. Re8+ Kd2 98. Rd8+ Kc1 99. Rc8+ Kd1 
100. Rd8+ Rd2 101. Rh8 Ke2 102. Re8+ Kf3 103. Rf8+ Kg4 104. Rg8+ Kf4 
105. Rf8+ Ke5 106. Re8+ Kf6 107. Re1 Kf5 108. Ra1 Ke4 109. Rb1 Rd3 110. Rf1 Ke3 
111. Ra1 Kf3 112. Rb1 h2+ 113. Kh1 Kg4 114. Rb4+ Kh3 115. Rh4+ Kxh4 116. Kg2 Re3 
117. Kh1 Re1+ 118. Kg2 h1=Q# 0-1

[Event "Tuesday Night Engine Tour 7 Rd Swiss 12m+1s Starts at 2200hrs"]
[Site "Infinity Chess"]
[Date "2018.4.3"]
[Round "4"]
[White "star99"]
[Black "RonWeasley"]
[Result "1/2-1/2"]
[ECO "C07"]
[WhiteElo "2407"]
[BlackElo "2442"]
[WhiteEngine "Cryptic Heroes 9.2B"]
[BlackEngine "BrainFish 010418 WM_CTG"]
[EventType "Swiss"]
[WhiteTeam ""]
[BlackTeam ""]
[PlyCount "73"]
[TimeControl "720+1"]

1. e4 e6 2. d4 d5 3. Nd2 c5 4. Ngf3 cxd4 5. exd5 Qxd5 6. Bc4 Qd6 7. O-O Nf6 
8. Nb3 Nc6 9. Nbxd4 Nxd4 10. Nxd4 a6 11. Re1 Qc7 12. Bb3 Bd6 13. Nf5 Bxh2+ 
14. Kh1 O-O 15. Nxg7 Rd8 16. Qf3 Kxg7 17. Bh6+ Kg6 18. c3 Nh5 19. Bc1 Bf4 
20. g4 Ng3+ 21. fxg3 Bxc1 22. Raxc1 Bd7 23. Qe3 Bc6+ 24. Kh2 h6 25. Rf1 Rd7 
26. Kh3 Kg7 27. Rf4 Qa5 28. Rcf1 Re8 29. Bd1 Qg5 30. Qf2 Ree7 31. Bf3 Bxf3 
32. Qxf3 Qd5 33. Qe3 Qg5 34. Qe4 Qd5 35. Qe3 Qg5 36. Qe4 Qd5 37. Qe3 1/2-1/2

[Event "Tuesday Night Engine Tour 7 Rd Swiss 12m+1s Starts at 2200hrs"]
[Site "Infinity Chess"]
[Date "2018.4.3"]
[Round "4"]
[White "Victorious"]
[Black "KRAKEN"]
[Result "1/2-1/2"]
[ECO "C55"]
[WhiteElo "2455"]
[BlackElo "2467"]
[WhiteEngine "CF180327N73vk"]
[BlackEngine "Raubfisch X38_CTG"]
[EventType "Swiss"]
[WhiteTeam ""]
[BlackTeam ""]
[PlyCount "113"]
[TimeControl "720+1"]

1. e4 e5 2. Nf3 Nc6 3. Bc4 Nf6 4. d3 Bc5 5. c3 O-O 6. O-O d6 7. Nbd2 a6 
8. a4 Ba7 9. h3 Ne7 10. Re1 Ng6 11. d4 c6 12. Bf1 Re8 13. Qc2 Qc7 14. dxe5 Nxe5 
15. Nxe5 dxe5 16. a5 h6 17. Nf3 Qe7 18. Bd2 Bd7 19. Qb3 Qd6 20. Bc4 Be6 
21. Bxe6 Qxe6 22. Qxe6 Rxe6 23. Be3 Bxe3 24. Rxe3 Rd8 25. Kf1 Kf8 26. Ke2 Red6 
27. b4 g5 28. Ra2 c5 29. Rb2 cxb4 30. Rxb4 Nd7 31. Rxb7 Nc5 32. Rb6 Rxb6 
33. axb6 f6 34. Nd2 a5 35. Nc4 a4 36. Kf1 Rd1+ 37. Re1 Rxe1+ 38. Kxe1 Ke7 
39. f3 Kd7 40. Kd2 Kc6 41. Kc2 Nd7 42. b7 Kxb7 43. Kb2 Kc6 44. Ne3 h5 
45. Ka3 Kb5 46. Nf5 Kc4 47. Kxa4 Nb6+ 48. Ka5 Nd7 49. Ka6 Kxc3 50. Kb5 Nf8 
51. Ne7 Kd3 52. Nd5 Ke2 53. Kc5 Kf2 54. Nxf6 Kxg2 55. Nxh5 Kxf3 56. Nf6 Ne6+ 
57. Kd5 1/2-1/2

[Event "Tuesday Night Engine Tour 7 Rd Swiss 12m+1s Starts at 2200hrs"]
[Site "Infinity Chess"]
[Date "2018.4.3"]
[Round "4"]
[White "ivrdurant"]
[Black "MGR"]
[Result "1/2-1/2"]
[ECO "C50"]
[WhiteElo "2473"]
[BlackElo "2461"]
[WhiteEngine "Raubfisch ME262_GTZ16d4"]
[BlackEngine "asmFishW_2018-04-02_bmi2"]
[EventType "Swiss"]
[WhiteTeam ""]
[BlackTeam ""]
[PlyCount "172"]
[TimeControl "720+1"]

1. e4 e5 2. Nf3 Nc6 3. Bc4 Bc5 4. O-O Nf6 5. d3 d6 6. c3 O-O 7. h3 a6 
8. Nbd2 Na5 9. b4 Nxc4 10. bxc5 Nxd2 11. Bxd2 d5 12. Nxe5 Re8 13. d4 Nxe4 
14. Re1 Bf5 15. f3 Rxe5 16. dxe5 Nxc5 17. Re3 d4 18. cxd4 Qxd4 19. Qc1 Rd8 
20. Bc3 Qa4 21. Re2 h6 22. Qe3 b6 23. Rd2 Rxd2 24. Bxd2 Nb3 25. Rd1 Nc5 
26. Ra1 Nb3 27. Rf1 Qxa2 28. e6 Qxd2 29. exf7+ Kxf7 30. Qxb3+ Be6 31. Qa4 a5 
32. Rd1 Qe3+ 33. Kh2 Qe5+ 34. Kh1 Kg8 35. Rc1 Qe3 36. Qa1 Qf4 37. Rd1 Kf7 
38. Qc3 c5 39. Qb2 Qc7 40. Rb1 a4 41. Qxb6 Qxb6 42. Rxb6 a3 43. Ra6 a2 
44. Kg1 Bb3 45. Kf2 c4 46. Ke2 c3 47. Ra5 Ke6 48. Kd3 c2 49. Kd2 Kd6 50. Kc1 Ke6 
51. Kb2 Kd6 52. g3 Kc7 53. Rc5+ Kd6 54. Rc8 Kd5 55. f4 Kd4 56. f5 Ke3 57. g4 Ke4 
58. Rc6 Kd3 59. Ra6 Bc4 60. Ra4 Bb3 61. Ra7 Bc4 62. Kc1 Kc3 63. h4 Bg8 
64. g5 hxg5 65. hxg5 Bc4 66. Ra3+ Kb4 67. Ra8 Bb3 68. Kb2 Kc4 69. f6 gxf6 
70. g6 Kd3 71. g7 f5 72. Ra3 Kd4 73. Ra5 f4 74. Ra8 f3 75. Rd8+ Ke3 76. Re8+ Kd2 
77. Rd8+ Ke2 78. Re8+ Kd3 79. Rd8+ Ke2 80. Rc8 f2 81. Kxb3 a1=Q 82. Rxc2+ Kd1 
83. g8=Q Qb1+ 84. Rb2 Qd3+ 85. Ka2 f1=Q 86. Rb1+ Qxb1+ 1/2-1/2

[Event "Tuesday Night Engine Tour 7 Rd Swiss 12m+1s Starts at 2200hrs"]
[Site "Infinity Chess"]
[Date "2018.4.3"]
[Round "4"]
[White "CoffeeOne"]
[Black "MCDermont"]
[Result "1/2-1/2"]
[ECO "C12"]
[WhiteElo "2477"]
[BlackElo "2508"]
[WhiteEngine "Houdini 6"]
[BlackEngine "BrainFish 010418 WM_CTG"]
[EventType "Swiss"]
[WhiteTeam ""]
[BlackTeam ""]
[PlyCount "253"]
[TimeControl "720+1"]

1. e4 e6 2. d4 d5 3. Nc3 Nf6 4. Bg5 Bb4 5. e5 h6 6. Bc1 Ne4 7. Qg4 Kf8 
8. a3 Bxc3+ 9. bxc3 Nxc3 10. Bd3 b6 11. a4 c5 12. Ra3 Nb1 13. Rb3 c4 
14. Bxc4 dxc4 15. Rxb1 Bb7 16. f3 Na6 17. Nh3 Bc6 18. Ra1 Kg8 19. c3 Nc7 
20. Nf4 Qg5 21. Qh3 Qd8 22. O-O Nd5 23. Nxd5 Bxd5 24. Qg3 Kh7 25. Ba3 Re8 
26. Qf4 Qd7 27. Bd6 a6 28. Rfb1 b5 29. Kf2 Bc6 30. a5 f5 31. h4 g6 32. Rf1 Rg8 
33. Rh1 Qd8 34. Bc5 Rb8 35. Bb6 Qe8 36. Rh3 Rb7 37. Bc5 Rf7 38. Bb4 Qd8 
39. g4 Rgg7 40. g5 h5 41. Kg3 Kh8 42. Rf1 Qa8 43. Rf2 Bd5 44. Rh1 Qd8 
45. Ra2 Qe8 46. Bc5 Kh7 47. Raa1 Rg8 48. Rhe1 Rfg7 49. Bd6 Rd7 50. Rec1 Rf7 
51. Rab1 Qd8 52. Bb4 Qc8 53. Rf1 Ra7 54. Kh3 Bc6 55. Bc5 Rf7 56. Ra1 Qd7 
57. Bd6 Rgg7 58. Rfe1 Kg8 59. Rad1 Bd5 60. Rf1 Qb7 61. Bc5 Rh7 62. Kh2 Qa8 
63. Qe3 Bc6 64. Rd2 Bb7 65. Ra2 Bc6 66. Kg2 Bd5 67. Rd2 Qe8 68. Rdf2 Qd8 
69. Bb4 Qc8 70. Kh2 Rd7 71. Qf4 Qe8 72. Qc1 Qa8 73. Qb2 Rhf7 74. Bc5 Bc6 
75. Qe2 Kh7 76. Rg1 Bd5 77. f4 Be4 78. Kg3 Qd8 79. Qa2 Kg8 80. Bd6 Bd5 
81. Qa3 Qa8 82. Bb4 Bc6 83. Bc5 Be4 84. Qa1 Rh7 85. Qa2 Rdf7 86. Re1 Qe8 
87. Qa3 Rd7 88. Ra1 Qb8 89. Bd6 Qa8 90. Re1 Qc8 91. Ree2 Qd8 92. Kh2 Rdf7 
93. Qc5 Qa8 94. Re1 Qe8 95. Qa3 Rhg7 96. Qb2 Qd7 97. Rff1 Rh7 98. Rc1 Bc6 
99. Bc5 Bd5 100. Ra1 Qb7 101. Ra2 Be4 102. Qf2 Qd7 103. Bd6 Bd5 104. Raa1 Qc6 
105. Rfe1 Qb7 106. Ra2 Qc8 107. Kg3 Qe8 108. Qe3 Qd8 109. Kh2 Rd7 110. Bc5 Qa8 
111. Rf1 Qe8 112. Rfa1 Bc6 113. Rf2 Rhf7 114. Rg1 Qa8 115. Rd1 Be4 116. Rc1 Rc7 
117. Re1 Rfd7 118. Bd6 Rc8 119. Rd2 Rf7 120. Bc5 Qb7 121. Qe2 Rcc7 122. Bd6 Rcd7 
123. Bb4 Rg7 124. Qf2 Qa8 125. Re3 Rgf7 126. Ba3 Qc8 127. Rf3 1/2-1/2

[Event "Tuesday Night Engine Tour 7 Rd Swiss 12m+1s Starts at 2200hrs"]
[Site "Infinity Chess"]
[Date "2018.4.3"]
[Round "3"]
[White "ocirema"]
[Black "star99"]
[Result "1/2-1/2"]
[ECO "A50"]
[WhiteElo "2437"]
[BlackElo "2406"]
[WhiteEngine "stockfish_18040300_x64_modern_CTG"]
[BlackEngine "Cryptic Heroes 9.2B"]
[EventType "Swiss"]
[WhiteTeam ""]
[BlackTeam ""]
[PlyCount "140"]
[TimeControl "720+1"]

1. d4 Nf6 2. c4 c6 3. Bf4 d5 4. e3 Bf5 5. Nd2 e6 6. Ngf3 Bd6 7. Ne5 O-O 
8. Be2 Ne4 9. Nxe4 Bxe4 10. O-O f6 11. Ng4 Re8 12. Re1 Bb4 13. Rf1 Qe7 
14. Qb3 dxc4 15. Bxc4 Bd5 16. h3 Ba5 17. Rac1 Na6 18. Nh2 Bb6 19. Nf3 Qb4 
20. Bxd5 exd5 21. Rc3 Qe7 22. Ra1 g6 23. Rcc1 Rac8 24. Ne1 Nc7 25. Nd3 Ne6 
26. Bg3 Ng5 27. Bf4 Ne6 28. Bg3 Ng5 29. a4 Ne4 30. Bf4 g5 31. a5 Bd8 32. Bh2 Bc7 
33. Bxc7 Rxc7 34. a6 b6 35. Rc2 Kg7 36. Rac1 Rec8 37. Rd1 Qd6 38. Nb4 h5 
39. Re1 h4 40. Rec1 Kg6 41. Rd1 f5 42. Rdc1 Kh7 43. Nd3 c5 44. Qb5 Qe6 
45. Qa4 Qe7 46. b3 Qe6 47. Qa1 Kg8 48. Qa4 Qe7 49. Ne5 Nd6 50. Qa2 Qe6 
51. dxc5 bxc5 52. Qa1 Ne4 53. Nf3 Rc6 54. b4 Rxa6 55. Ra2 Rxa2 56. Qxa2 cxb4 
57. Rxc8+ Qxc8 58. Qxd5+ Kg7 59. Qd4+ Kh6 60. Qxb4 Qc1+ 61. Kh2 Qc5 62. Qe1 a5 
63. Qa1 Qc7+ 64. Kg1 Qc3 65. Qb1 Kh5 66. Qa2 Qc1+ 67. Kh2 Qc7+ 68. Kg1 Qc1+ 
69. Kh2 Qc7+ 70. Kg1 Qc1+ 1/2-1/2

[Event "Tuesday Night Engine Tour 7 Rd Swiss 12m+1s Starts at 2200hrs"]
[Site "Infinity Chess"]
[Date "2018.4.3"]
[Round "3"]
[White "MrScience"]
[Black "RonWeasley"]
[Result "1/2-1/2"]
[ECO "E10"]
[WhiteElo "2426"]
[BlackElo "2443"]
[WhiteEngine "cfish"]
[BlackEngine "BrainFish 010418 WM_CTG"]
[EventType "Swiss"]
[WhiteTeam ""]
[BlackTeam ""]
[PlyCount "110"]
[TimeControl "720+1"]

1. d4 Nf6 2. c4 e6 3. Nf3 d5 4. g3 dxc4 5. Bg2 Bb4+ 6. Bd2 a5 7. Qc2 b6 
8. O-O Bb7 9. Bxb4 axb4 10. Qxc4 Nc6 11. Nbd2 O-O 12. Rfd1 Qd6 13. e3 Rfc8 
14. Qd3 Na5 15. a3 c5 16. Qb5 Ba6 17. Qa4 Be2 18. Re1 Nc6 19. Qb3 Bb5 
20. dxc5 bxc5 21. axb4 Nxb4 22. Nc4 Qc7 23. Nfe5 Nfd5 24. Ra3 Rd8 25. Rea1 Ra6 
26. Bf1 Rb8 27. Qd1 Rd8 28. Rxa6 Nxa6 29. Qh5 Nb8 30. b3 Bxc4 31. Nxc4 Nc6 
32. Rd1 g6 33. Qe2 Ndb4 34. Rxd8+ Qxd8 35. h4 h5 36. Qb2 Qd1 37. Qd2 Qxd2 
38. Nxd2 f5 39. Bb5 Na5 40. Kf1 Kf7 41. Ke2 e5 42. e4 Nac6 43. Bxc6 Nxc6 
44. exf5 gxf5 45. Ke3 Nb4 46. Nc4 Ke6 47. Ke2 Nc6 48. Kd3 Ne7 49. Na5 Kd5 
50. Nc4 e4+ 51. Ke3 Ng6 52. Nb6+ Kc6 53. Nc4 Kd5 54. Nb6+ Kc6 55. Nc4 Kd5 
1/2-1/2

[Event "Tuesday Night Engine Tour 7 Rd Swiss 12m+1s Starts at 2200hrs"]
[Site "Infinity Chess"]
[Date "2018.4.3"]
[Round "3"]
[White "KRAKEN"]
[Black "ivrdurant"]
[Result "1/2-1/2"]
[ECO "E10"]
[WhiteElo "2467"]
[BlackElo "2473"]
[WhiteEngine "Raubfisch X38_CTG"]
[BlackEngine "Raubfisch ME262_GTZ16d4"]
[EventType "Swiss"]
[WhiteTeam ""]
[BlackTeam ""]
[PlyCount "211"]
[TimeControl "720+1"]

1. d4 Nf6 2. c4 e6 3. Nf3 d5 4. Nc3 c6 5. Bg5 h6 6. Bxf6 Qxf6 7. e3 g6 
8. Be2 Nd7 9. O-O Qe7 10. e4 dxc4 11. Bxc4 Bg7 12. e5 O-O 13. Re1 b5 14. Bd3 Bb7 
15. Be4 Rfd8 16. Qe2 Nb6 17. Rac1 Rac8 18. Nb1 Nc4 19. Nc3 Nb6 20. a3 a6 
21. Na2 Nc4 22. h3 Bf8 23. Nc3 Nb6 24. b4 Ra8 25. Nd1 a5 26. Ne3 axb4 
27. axb4 Qxb4 28. Ng4 Bg7 29. Nf6+ Bxf6 30. exf6 Qf8 31. Bxg6 fxg6 32. Qxe6+ Qf7 
33. Qxf7+ Kxf7 34. Re7+ Kxf6 35. Rxb7 Nc4 36. Ne5 Rxd4 37. Nxc6 Rd6 38. Nb8 Ne5 
39. Rxb5 Ra4 40. Re1 Nd3 41. Rd1 Rad4 42. Ra5 h5 43. Na6 Rd7 44. Ra2 g5 
45. Rad2 R4d5 46. g3 h4 47. g4 Ke5 48. Nc7 Rxc7 49. Rxd3 Rxd3 50. Rxd3 Ke4 
51. Re3+ Kf4 52. Re6 Rc1+ 53. Kg2 Rc5 54. Rb6 Ke4 55. Kh2 Kf3 56. Rf6+ Ke4 
57. Rf7 Kd4 58. Rh7 Ra5 59. Kg1 Rb5 60. Rg7 Rb1+ 61. Kg2 Rb5 62. Kf3 Rb3+ 
63. Kg2 Rb5 64. Rd7+ Ke4 65. Rd8 Ke5 66. Kh2 Rd5 67. Re8+ Kf4 68. Kg1 Ra5 
69. Kh1 Ra1+ 70. Kg2 Ra5 71. Re3 Rb5 72. Rf3+ Ke4 73. Ra3 Rc5 74. Re3+ Kf4 
75. Rf3+ Ke4 76. Ra3 Kf4 77. Rd3 Ra5 78. Rb3 Rc5 79. Rb8 Ra5 80. Rd8 Rb5 
81. Rd3 Ke4 82. Re3+ Kf4 83. Ra3 Rc5 84. Ra1 Ke5 85. Ra6 Kf4 86. Rh6 Ra5 
87. Rc6 Ke5 88. Kf3 Ra3+ 89. Kg2 Ra5 90. Rc2 Kf6 91. Kh2 Ra7 92. Rc3 Kg6 
93. Kg2 Ra2 94. Rc5 Ra7 95. Rc6+ Kh7 96. Rf6 Ra2 97. Re6 Ra1 98. Re7+ Kh6 
99. f3 Kg6 100. f4 gxf4 101. Kf3 Ra4 102. Rc7 Ra1 103. Kxf4 Ra4+ 104. Ke3 Ra3+ 
105. Kd2 Rxh3 106. Rc5 1/2-1/2

[Event "Tuesday Night Engine Tour 7 Rd Swiss 12m+1s Starts at 2200hrs"]
[Site "Infinity Chess"]
[Date "2018.4.3"]
[Round "3"]
[White "MCDermont"]
[Black "beka"]
[Result "1-0"]
[ECO "D12"]
[WhiteElo "2497"]
[BlackElo "2369"]
[WhiteEngine "BrainFish 010418 WM_CTG"]
[BlackEngine "stockfish_18032408_32bit"]
[EventType "Swiss"]
[WhiteTeam ""]
[BlackTeam ""]
[PlyCount "163"]
[TimeControl "720+1"]

1. d4 d5 2. c4 c6 3. Nf3 Nf6 4. e3 Bf5 5. Nc3 e6 6. Nh4 Be4 7. f3 Bg6 
8. Nxg6 hxg6 9. Qb3 Qc7 10. Bd2 a6 11. c5 Nbd7 12. O-O-O Rb8 13. Be1 b6 
14. Bg3 e5 15. dxe5 Nh5 16. Be1 Bxc5 17. g4 Bxe3+ 18. Kb1 Nf4 19. Ne2 d4 
20. Nxd4 Bxd4 21. Rxd4 Nc5 22. Qc4 g5 23. Bg3 Rd8 24. Rxd8+ Qxd8 25. Bxf4 gxf4 
26. Be2 Qd5 27. Qxf4 Ne6 28. Qa4 O-O 29. Qxa6 c5 30. Rd1 Qxe5 31. Bc4 Re8 
32. a3 Qf4 33. Qb5 Re7 34. Qb3 Qb8 35. Qe3 Kf8 36. Qf2 Qe5 37. Rd5 Qc7 
38. Rh5 Rd7 39. Rh8+ Ke7 40. Bxe6 fxe6 41. Qh4+ Kd6 42. Re8 Kd5 43. Qe1 Qe5 
44. Qd1+ Kc6 45. Rc8+ Rc7 46. Qa4+ b5 47. Qa6+ Kd7 48. Rxc7+ Kxc7 49. Qxb5 g5 
50. a4 Qd4 51. a5 Qd1+ 52. Ka2 Qd5+ 53. Qb3 Qd6 54. Ka3 Qd5 55. a6 Qa8 
56. Qb7+ Qxb7 57. axb7 Kxb7 58. b4 Kc6 59. Kb3 cxb4 60. Kxb4 Kd6 61. Kc4 Ke5 
62. Kd3 Kd5 63. Ke3 e5 64. Kd3 Kd6 65. Ke4 Ke6 66. h3 Kf6 67. Kd5 e4 
68. fxe4 Kg7 69. Ke6 Kg6 70. e5 Kg7 71. Kd6 Kh8 72. e6 Kg7 73. Kd7 Kf6 
74. e7 Ke5 75. e8=Q+ Kd4 76. Kd6 Kd3 77. Kc5 Kc2 78. Qe2+ Kc3 79. Qd1 Kb2 
80. Kc4 Ka2 81. Kc3 Ka3 82. Qa1# 1-0

[Event "Tuesday Night Engine Tour 7 Rd Swiss 12m+1s Starts at 2200hrs"]
[Site "Infinity Chess"]
[Date "2018.4.3"]
[Round "3"]
[White "MGR"]
[Black "CoffeeOne"]
[Result "1/2-1/2"]
[ECO "A03"]
[WhiteElo "2460"]
[BlackElo "2478"]
[WhiteEngine "asmFishW_2018-04-02_bmi2"]
[BlackEngine "Houdini 6"]
[EventType "Swiss"]
[WhiteTeam ""]
[BlackTeam ""]
[PlyCount "279"]
[TimeControl "720+1"]

1. f4 d5 2. Nf3 g6 3. g3 Bg7 4. Bg2 b6 5. c4 e6 6. d4 Ne7 7. O-O O-O 8. Nc3 Na6 
9. Ne5 f6 10. Ng4 Bb7 11. cxd5 exd5 12. Ne3 Kh8 13. Rb1 c6 14. f5 Nc7 15. a4 a5 
16. b4 axb4 17. Rxb4 Ne8 18. fxg6 hxg6 19. Qb3 Ra6 20. Ng4 Nd6 21. Nf2 f5 
22. Bg5 Nc4 23. Nb1 Ra7 24. Rd1 Ba6 25. Nd2 Kh7 26. Qb1 c5 27. Rb3 Nxd2 
28. Rxd2 c4 29. Re3 Bf6 30. Bxf6 Rxf6 31. Nd1 Bb7 32. Nc3 Bc6 33. Qf1 Ng8 
34. Rb2 Nh6 35. Qf4 Nf7 36. Rb4 g5 37. Qf1 Kg7 38. Rf3 Nh6 39. Qb1 Rb7 
40. Rb2 Rg6 41. Qc1 Re7 42. Rf2 Re8 43. Bf3 Rf8 44. e3 Re6 45. Bh5 Rd6 
46. Bf3 Rdf6 47. Rf1 Re6 48. Rbf2 Ba8 49. Rb2 Rg6 50. Bg2 Rd6 51. Qb1 Re8 
52. Re1 Rde6 53. Rbe2 Qd6 54. Nb5 Qd7 55. Nc3 Qd8 56. Bh3 Rf8 57. Rf2 Qe8 
58. Rfe2 Rf7 59. Qc1 Rg6 60. Ra2 Re7 61. Bg2 Rd6 62. Rf1 Kg6 63. Re2 Qd7 
64. Bf3 Re8 65. Rb2 Qd8 66. Rbf2 Qe7 67. Re2 Kg7 68. Bg2 Rf8 69. h3 Qd8 
70. Ref2 Re8 71. Rb2 Rde6 72. Re2 Qd6 73. Kh2 Rf8 74. Qb1 Ref6 75. Nb5 Qd8 
76. Qc1 Kg6 77. Qb1 Kf7 78. Nc3 Kg7 79. Ra2 Re6 80. Re2 Qd6 81. Qc1 Bc6 
82. Ref2 Kg6 83. Qe1 Ng8 84. Rb2 Qd8 85. Qb1 Rxe3 86. Rxb6 Qc7 87. Rf3 Re6 
88. a5 Ne7 89. Na4 Re2 90. Qd1 Ra2 91. Nc5 Rf6 92. Qe1 Nc8 93. Ra6 Nd6 
94. Qe5 Nb5 95. Kg1 Qd6 96. Rf2 Rxf2 97. Kxf2 c3 98. Bf1 c2 99. Nb3 Na3 
100. Qxd6 Rxd6 101. Bd3 Kf6 102. Rb6 Nc4 103. Ra6 Na3 104. Kf3 Ke7 105. Bxf5 Kd8 
106. Ke3 Rf6 107. g4 Kc7 108. Kd2 Nb5 109. Rb6 Na3 110. Ra6 Nb5 111. Rb6 Na3 
112. Kc1 Rh6 113. Rb4 Rxh3 114. Kb2 Rg3 115. a6 Nb5 116. Nc5 Nxd4 117. Bxc2 Nxc2 
118. Kxc2 Ra3 119. Ne6+ Kd6 120. Rb6 Kxe6 121. Rxc6+ Ke5 122. Rg6 Kf4 
123. Kb2 Ra5 124. Rf6+ Kxg4 125. Kc3 Ra4 126. Rd6 Kf4 127. Kb3 Ra1 128. Kc3 Ra5 
129. Kb4 Ra2 130. Rf6+ Ke3 131. Rh6 g4 132. Kc5 g3 133. Rg6 g2 134. a7 Kf3 
135. Rf6+ Ke2 136. Re6+ Kd1 137. Rg6 d4 138. Kxd4 Ra4+ 139. Kd5 Rxa7 140. Rxg2 
1/2-1/2